 Dungeon Crawl Stone Soup version 0.30.2 (webtiles) character file.

Game seed: 7688755118187978046

204 Ashen the Ogre Mage (level 5, -6/49 HPs)
             Began as an Ogre Hedge Wizard on Jan 22, 2024.
             Splashed by a jelly's acid (7 damage)
             ... on level 4 of the Dungeon.
             The game lasted 00:07:15 (4301 turns).

Ashen the Ogre Mage (Ogre Hedge Wizard)             Turns: 4301, Time: 00:07:15

Health: -6/49      AC: -13   Str: 13    XL:     5   Next: 82%
Magic:  9/12       EV:  9    Int: 21    God:
Gold:   204        SH:  0    Dex:  7    Spells: 2/13 levels left

rFire   . . .        k - +0 mace
rCold   . . .        (no shield)
rNeg    . . .        b - +0 robe
rPois   .            c - +0 hat
rElec   .            (no cloak)
rCorr   .            (gloves unavailable)
SInv    .            (boots unavailable)
Will    .....        (no amulet)
Stlth   ++           (no ring)
HPRegen 0.28/turn    (no ring)
MPRegen 0.13/turn

%: no passive effects
@: corroded, very slightly contaminated
A: large, unfitting armour, tough skin 1, clever 1
a: no special abilities


You were on level 4 of the Dungeon.
You visited 1 branch of the dungeon, and saw 4 of its levels.

You collected 204 gold pieces.

Inventory:

Hand Weapons
 j - a +0 whip
 k - a +0 mace (weapon)
 t - a +1 long sword of flaming
Armour
 b - a +0 robe (worn)
 c - a +0 hat (worn)
Scrolls
 e - a scroll of acquirement {unknown}
 g - a scroll of enchant armour {unknown}
 h - 5 scrolls of identify {unknown}
 i - a scroll of blinking {unknown}
 m - a scroll of immolation {unknown}
 n - a scroll of teleportation {unknown}
 q - a scroll of fog {unknown}
 s - a scroll of magic mapping {unknown}
Potions
 a - a potion of heal wounds {unknown}
 d - 3 potions of magic
 f - a potion of mutation
 l - 2 potions of attraction {unknown}
 o - 2 potions of curing {unknown}
 p - a potion of ambrosia {unknown}
 r - a potion of resistance {unknown}


   Skills:
 + Level 2.1 Fighting
 + Level 1.3 Maces & Flails
 + Level 2.4 Dodging
 + Level 2.0 Stealth
 * Level 4.8 Spellcasting
 * Level 2.4 Conjurations
 - Level 1.0 Summonings
 - Level 1.0 Translocations


You had 2 spell levels left.
You knew the following spells:

 Your Spells              Type           Power      Damage    Failure   Level
a - Magic Dart            Conj           60%        1d6       4%          1
b - Blink                 Tloc           18%        N/A       11%         2
c - Call Imp              Summ           18%        N/A       11%         2
d - Mephitic Cloud        Conj/Pois/Air  8%         N/A       24%         3
e - Swiftness             Air            5%         N/A       32%         3

Your spell library contained the following spells:

 Spells                   Type           Power      Damage    Failure   Level
 Slow                     Hex            20%        N/A       11%         1
 Cigotuvi's Dreadful Rot  Necr/Pois/Air  10%        N/A       17%         2
 Ensorcelled Hibernation  Hex/Ice        10%        N/A       17%         2
 Passwall                 Tmut/Erth      4%         N/A       17%         2
 Animate Armour           Summ/Erth      14%        N/A       65%         4
 Blade Hands              Tmut           2%         N/A       97%         5
 Iron Shot                Conj/Erth      5%         9d2       100%        6


Dungeon Overview and Level Annotations

Branches:
Dungeon (4/15)
 Temple: D:4-7

Altars:
Nemelex Xobeh
Qazlal

Annotations:
D:3 Terence


Innate Abilities, Weirdness & Mutations

You are too large for most types of armour.
You have tough skin. (AC +1)
Your mind is acute. (Int +4, Str/Dex -1)


Message History

A nearby fungus withers and dies.
The jelly barely misses you.
You hit the jelly but do no damage. The acid corrodes you!
Your hands burn!
You punch the jelly, but do no damage.
The jelly is severely wounded.
The jelly hits you.
You are splashed with acid.
The jelly closely misses you.
Casting: Magic Dart (safe; 5% risk of failure)
Confirm with . or Enter, or press ? or * to list all spells.
Aiming: Magic Dart (safe; 5% risk of failure)
Press: ? - help, Shift-Dir - straight line, f - jelly
Aim: a jelly (severely wounded, 100% to hit)
You miscast Magic Dart.
You are very lightly contaminated with residual magic.
Nothing appears to happen.
The jelly hits you.
You are splashed with acid!
* * * LOW HITPOINT WARNING * * *
Casting: Magic Dart (safe; 5% risk of failure)
Confirm with . or Enter, or press ? or * to list all spells.
Aiming: Magic Dart (safe; 5% risk of failure)
Press: ? - help, Shift-Dir - straight line, f/p - jelly
Aim: a jelly (severely wounded, 100% to hit)
The magic dart hits the jelly.
You kill the jelly!
Your Fighting skill increases to level 2!
Your Stealth skill increases to level 2!
Casting: Magic Dart (safe; 5% risk of failure)
Confirm with . or Enter, or press ? or * to list all spells.
Aiming: Magic Dart (safe; 5% risk of failure)
Press: ? - help, Shift-Dir - straight line, f - jelly
Aim: a jelly (100% to hit)
The magic dart hits the jelly.
The jelly is moderately wounded.
The jelly hits you.
* * * LOW HITPOINT WARNING * * *
The acid corrodes you!
You are splashed with acid!
* * * LOW HITPOINT WARNING * * *
It was a potion of mutation.
You feel extremely strange.
You feel clever. The jelly hits you.
* * * LOW HITPOINT WARNING * * *
You are splashed with acid!
You die...

#.
##.....##
#
#.....[.#
#.......#
#.......#
#.......#
#..).####
#...)'..##
########.#
##@)....##
#J#######
#.J.PJ....
#...JJP.P÷
#.÷.÷..JP.
#..÷.JP.P÷
#.P.......
#÷..P..÷.?
##########


You could see a jelly and an endoplasm.

Vanquished Creatures
  A scorpion (D:4)
  A jelly (D:4)
  5 adders
  3 worms
  6 endoplasms
  4 giant cockroaches
  6 goblins
  3 hobgoblins
  3 quokkas
  7 ball pythons
  5 bats
  2 frilled lizards
  14 kobolds
  4 rats
64 creatures vanquished.

Notes
Turn   | Place    | Note
-------+----------+-------------------------------------------
     0 | D:1      | Ashen the Ogre Hedge Wizard began the quest for the Orb.
     0 | D:1      | Reached XP level 1. HP: 16/16 MP: 5/5
   101 | D:1      | Reached skill level 1 in Translocations
   103 | D:1      | Reached skill level 1 in Conjurations
   125 | D:1      | Reached skill level 1 in Summonings
   190 | D:1      | Reached XP level 2. HP: 26/26 MP: 1/6
  1318 | D:2      | Learned a level 2 spell: Blink
  1321 | D:2      | Learned a level 2 spell: Call Imp
  1552 | D:2      | Reached skill level 1 in Fighting
  1552 | D:2      | Reached skill level 4 in Spellcasting
  1552 | D:2      | Reached XP level 3. HP: 26/33 MP: 1/8
  2543 | D:2      | Reached XP level 4. HP: 31/41 MP: 5/10
  3204 | D:3      | Reached skill level 1 in Maces & Flails
  3531 | D:3      | Noticed Terence
  3759 | D:3      | Learned a level 3 spell: Mephitic Cloud
  3763 | D:3      | Learned a level 3 spell: Swiftness
  3853 | D:3      | Found a stormy altar of Qazlal.
  3923 | D:4      | Found a sparkling altar of Nemelex Xobeh.
  4008 | D:4      | Noticed a scorpion
  4033 | D:4      | Killed a scorpion
  4034 | D:4      | Reached XP level 5. HP: 34/49 MP: 9/12
  4301 | D:4      | Gained mutation: Your mind is acute. (Int +4, Str/Dex -1)
                  | [potion of mutation]
  4301 | D:4      | HP: 1/49 [jelly (2)]
  4301 | D:4      | Splashed by a jelly's acid

Illustrated notes

Levels and vault maps discovered:
D:1:      spicycebolla_arrival_clurvy, layout_loops_corners,
          grunt_decor_arrowhead, minmay_liquid_box,
          corexii_item_surrounded_by_moat, minmay_pentomino_u4
D:2:      minmay_angry_zag, layout_loops_ring, grunt_ministairs_10
D:3:      layout_basic, nicolae_qazlal_eye_of_the_storm, serial_aquarium,
          aquarium_bridge_straight [aquarium_subvault_bridge,
          aquarium_subvault_balcony, aquarium_subvault_bridge,
          aquarium_subvault_wall], aquarium_window_1, aquarium_window_fake,
          aquarium_window_1, aquarium_view_2d, aquarium_view_2c,
          aquarium_pool_corner, uniq_terence
D:4:      cheibrodos_fertilizer, layout_basic,
          nicolae_gozag_conspicuous_consumption,
          nemelex_xobeh_ov_fountains_minmay

Skill      XL: |  1  2  3  4  5 |
---------------+----------------+-----
Translocations | 1 |  1.0
Conjurations   | 1 2 |  2.4
Summonings     | 1 |  1.0
Fighting       | 1 2 |  2.1
Spellcasting   | 4 |  4.8
Dodging        | 2 |  2.4
Maces & Flails | 1 |  1.3
Stealth        | 2 |  2.0

Action                     |  1- 3 |  4- 6 || total
---------------------------+-------+-------++-------
  Melee: Dagger            |     7 |       ||     7
         Mace              |    59 |    33 ||    92
         Long sword        |       |    10 ||    10
         Punch             |       |     2 ||     2
   Cast: Magic Dart        |    87 |    62 ||   149
         Mephitic Cloud    |       |     1 ||     1
         Call Imp          |       |     1 ||     1
    Use: Potion            |       |     1 ||     1
   Stab: Sleeping          |       |     1 ||     1
 Armour: Robe              |    27 |    13 ||    40
  Dodge: Dodged            |    35 |    33 ||    68
